 Dungeon Crawl Stone Soup version 0.29-a0-575-g0dc89cf053 (webtiles) character file.

Game seed: 10482850424595808892

93 DocClef the Covert (level 4, -4/41 HPs)
             Began as a Gnoll Delver on June 12, 2022.
             Slain by Sigmund
             ... wielding a +3 scythe of freezing
              (10 damage)
             ... on level 3 of the Dungeon.
             The game lasted 00:01:25 (1023 turns).

DocClef the Covert (Gnoll Delver)                   Turns: 1023, Time: 00:01:26

Health: -4/41      AC:  3    Str: 11    XL:     4   Next: 61%
Magic:  5/5        EV: 13    Int:  9    God:
Gold:   57         SH:  0    Dex: 16    Spells: 5/5 levels left

rFire   . . .      SeeInvis .   k - +0 rapier (freeze)
rCold   . . .      Faith    .   (no shield)
rNeg    . . .      Spirit   .   b - +0 leather armour
rPois   .          Reflect  .   (no helmet)
rElec   .          Harm     .   (no cloak)
rCorr   .          Rampage  .   (no gloves)
Will    .....                   (no boots)
Stlth   ++........              (no amulet)
HPRegen 0.13/turn               (no ring)
MPRegen 0.09/turn               (no ring)

@: confused
A: fangs 1, strong nose, distributed training
a: no special abilities


You were on level 3 of the Dungeon.
You visited 1 branch of the dungeon, and saw 3 of its levels.

You collected 57 gold pieces.

Inventory:

Hand Weapons
 a - a +0 short sword
 k - a +0 rapier of freezing (weapon)
Missiles
 h - 3 curare-tipped darts (quivered)
Armour
 b - a +0 leather armour (worn)
Jewellery
 i - a ring of protection from cold
Wands
 g - a wand of digging (3)
 j - a wand of flame (1)
Scrolls
 c - a scroll of fog
 d - a scroll of magic mapping
 e - a scroll of fear
 l - 2 scrolls of identify {unknown}
Potions
 f - a potion of haste
 m - a potion of degeneration {unknown}


   Skills:
 + Level 6.6 Fighting
 + Level 4.6 Short Blades
 + Level 1.2 Long Blades
 + Level 1.2 Axes
 + Level 1.2 Maces & Flails
 + Level 1.2 Polearms
 + Level 1.2 Staves
 + Level 1.2 Slings
 + Level 1.2 Bows
 + Level 1.2 Crossbows
 + Level 1.2 Throwing
 + Level 1.2 Armour
 + Level 4.6 Dodging
 + Level 9.6 Stealth
 + Level 1.2 Shields
 + Level 1.2 Unarmed Combat
 + Level 1.2 Spellcasting
 + Level 1.0 Conjurations
 + Level 1.0 Hexes
 + Level 1.0 Summonings
 + Level 1.0 Necromancy
 + Level 1.0 Translocations
 + Level 1.0 Transmutations
 + Level 1.0 Fire Magic
 + Level 1.0 Ice Magic
 + Level 1.0 Air Magic
 + Level 1.0 Earth Magic
 + Level 1.0 Poison Magic
 + Level 1.3 Invocations
 + Level 1.2 Evocations


You had 5 spell levels left.
You didn't know any spells.
Your spell library contained the following spells:

 Spells                   Type           Power      Damage    Failure   Level
 Slow                     Hex            8%         N/A       32%         1
 Confusing Touch          Hex            2%         N/A       67%         3
 Vampiric Draining        Necr           2%         2d6       67%         3


Dungeon Overview and Level Annotations

Branches:
Dungeon (5/15)
 Temple: D:4-7

Altars:
Ashenzari

Annotations:
D:3 Sigmund


Innate Abilities, Weirdness & Mutations

You have very sharp teeth.
Your uncanny sense of smell can sniff out nearby items.
Your experience applies equally to all skills.


Message History

Deactivating autopickup; reactivate with Ctrl-A.
A magic dart appears from out of thin air!
The magic dart hits you!
Found a broken altar of Ashenzari.
The kobold barely misses you.
You hit the kobold. You freeze the kobold.
You kill the kobold!
A magic dart appears from out of thin air!
The magic dart hits you!
No target in view!
No target in view!
No target in view!
No target in view!
No target in view!
No target in view!
No target in view!
No target in view!
No target in view!
No target in view!
No target in view!
No target in view!
No target in view!
No target in view!
Unknown command.
A magic dart appears from out of thin air!
The magic dart hits you.
There is an open door here.
You close the door.
Something unseen opens the door.
You sense a monster nearby.
A magic dart appears from out of thin air!
The magic dart hits you!
* * * LOW HITPOINT WARNING * * *
You are confused.
You bump into the rock wall.
You hear some strange, mumbled words.
A puff of flame appears from out of thin air!
The puff of flame hits you.
* * * LOW HITPOINT WARNING * * *
You bump into the rock wall.
Something hits you!
You die...

....# .......)... ...##
#####...8...# ....#
#...##.....## ....# .#
#####.#..##...## ....# .#
#.........##.## ....# .#
#)#.....####'## ....####.#
###...#.#..##...#
)..###...######....##.##......#
....##...##.....@.###.###....##
###......##.###.### #.# #.####
###....##.# #.# #.# #.#
##....#.# #.# ..# #.# #....#.#
#.. ### #.# #......# #.# #.#
#.....## #.# #.# .....###.# #.#
#.# ####.# #.#


There were no monsters in sight!

Vanquished Creatures
  A hound (D:5)
  Ijyb (D:4)
  3 adders (D:5)
  2 orcs
  A ball python (D:4)
  An endoplasm (D:3)
  A hobgoblin (D:3)
  4 kobolds
14 creatures vanquished.

Notes
Turn   | Place    | Note
-------+----------+-------------------------------------------
     0 | D:5      | Reached skill level 9 in Stealth
     0 | D:5      | DocClef the Gnoll Delver began the quest for the Orb.
     0 | D:5      | Reached XP level 1. HP: 23/23 MP: 1/1
    24 | D:5      | Reached XP level 2. HP: 23/29 MP: 2/2
   174 | D:5      | Reached XP level 3. HP: 35/35 MP: 3/3
   193 | D:5      | Reached skill level 1 in Long Blades
   193 | D:5      | Reached skill level 1 in Axes
   193 | D:5      | Reached skill level 1 in Maces & Flails
   193 | D:5      | Reached skill level 1 in Polearms
   193 | D:5      | Reached skill level 1 in Staves
   193 | D:5      | Reached skill level 1 in Slings
   193 | D:5      | Reached skill level 1 in Bows
   193 | D:5      | Reached skill level 1 in Crossbows
   193 | D:5      | Reached skill level 1 in Throwing
   193 | D:5      | Reached skill level 1 in Armour
   193 | D:5      | Reached skill level 1 in Shields
   193 | D:5      | Reached skill level 1 in Unarmed Combat
   193 | D:5      | Reached skill level 1 in Spellcasting
   193 | D:5      | Reached skill level 1 in Invocations
   193 | D:5      | Reached skill level 1 in Evocations
   257 | D:5      | Noticed a black bear
   287 | D:5      | Reached XP level 4. HP: 25/41 MP: 5/5
   420 | D:4      | Noticed Ijyb
   441 | D:4      | Killed Ijyb
   738 | D:4      | Noticed an orc warrior
   869 | D:3      | Reached skill level 1 in Conjurations
   869 | D:3      | Reached skill level 1 in Hexes
   869 | D:3      | Reached skill level 1 in Summonings
   869 | D:3      | Reached skill level 1 in Necromancy
   869 | D:3      | Reached skill level 1 in Translocations
   869 | D:3      | Reached skill level 1 in Transmutations
   869 | D:3      | Reached skill level 1 in Fire Magic
   869 | D:3      | Reached skill level 1 in Ice Magic
   869 | D:3      | Reached skill level 1 in Air Magic
   869 | D:3      | Reached skill level 1 in Earth Magic
   869 | D:3      | Reached skill level 1 in Poison Magic
   910 | D:3      | Found a faded altar of an unknown god.
   993 | D:3      | Noticed Sigmund
   997 | D:3      | Found a broken altar of Ashenzari.
  1023 | D:3      | Slain by Sigmund

Illustrated notes

Levels and vault maps discovered:
D:3:      layout_rooms, minmay_overflow_temple_star_hex,
          nicolae_ecumenical_pavilion, uniq_sigmund
D:4:      layout_gridville, uniq_ijyb
D:5:      layout_rooms, old_standard_altar

Skill      XL: |  1  2  3  4 |
---------------+-------------+-----
Stealth        | |  9.6
Long Blades    | 1 |  1.2
Axes           | 1 |  1.2
Maces & Flails | 1 |  1.2
Polearms       | 1 |  1.2
Staves         | 1 |  1.2
Slings         | 1 |  1.2
Bows           | 1 |  1.2
Crossbows      | 1 |  1.2
Throwing       | 1 |  1.2
Armour         | 1 |  1.2
Shields        | 1 |  1.2
Unarmed Combat | 1 |  1.2
Spellcasting   | 1 |  1.2
Invocations    | 1 |  1.3
Evocations     | 1 |  1.2
Conjurations   | 1 |  1.0
Hexes          | 1 |  1.0
Summonings     | 1 |  1.0
Necromancy     | 1 |  1.0
Translocations | 1 |  1.0
Transmutations | 1 |  1.0
Fire Magic     | 1 |  1.0
Ice Magic      | 1 |  1.0
Air Magic      | 1 |  1.0
Earth Magic    | 1 |  1.0
Poison Magic   | 1 |  1.0
Fighting       | |  6.6
Short Blades   | |  4.6
Dodging        | |  4.6

Action                   |  1- 3 |  4- 6 || total
-------------------------+-------+-------++-------
Melee: Short sword       |    11 |    25 ||    36
       Rapier            |       |     8 ||     8
       Bite              |       |     3 ||     3
  Use: Scroll            |     1 |       ||     1
 Stab: Sleeping          |     3 |     1 ||     4
       Distracted        |       |     1 ||     1
Armor: Leather armour    |     4 |     3 ||     7
Dodge: Dodged            |    13 |    21 ||    34

Table legend: (Time is in decaauts)
 A = Elapsed time spent in this place.
 B = Non-inter-level travel time spent in this place.
 C = Inter-level travel time spent in this place.
 D = Time resting spent in this place.
 E = Time spent auto-exploring this place.
 F = Levels seen in this place.
 G = Mean time per level.
                   A        B        C        D        E       F      G
               +--------+--------+--------+--------+--------+-----+--------+
         Total |   1018 |   1011 |      7 |    276 |    495 |   3 |  339.3 |
       Dungeon |   1018 |   1011 |      7 |    276 |    495 |   3 |  339.3 |
               +--------+--------+--------+--------+--------+-----+--------+

Top non-repeatable levels by time:
     D:4: 513 daAuts
     D:5: 285 daAuts
     D:3: 219 daAuts
